[Event "Titled Tuesday Blitz March 08 Early 2022"]
[White "Atzl, Florian"]
[Black "Manukian, Artak"]
[WhiteFideId "1635891"]
[BlackFideId "13301373"]
[WhiteElo "2085"]
[BlackElo "2499"]
[Result "0-1"]
[Round "05"]
[TimeControl "180+1"]
[Date "2022.03.09"]
[WhiteClock "0:00:12"]
[BlackClock "0:00:49"]

1. e4 c6 2. d4 d5 3. Nd2 dxe4 4. Nxe4 Nf6 5. Nxf6+ exf6 6. c3 Bd6 7. Bd3 Na6 8. Ne2 Nc7 9. O-O Nd5 10. c4 Ne7 11. Ng3 O-O 12. Bc2 Re8 13. Qd3 Ng6 14. Bd2 Bd7 15. Rfe1 Qc7 16. Rxe8+ Rxe8 17. Re1 Qd8 18. c5 Bxg3 19. Qxg3 Rxe1+ 20. Bxe1 Be6 21. Bc3 Bxa2 22. b3 Qd5 23. Bb2 a5 24. Qc3 a4 25. bxa4 Nf4 26. Qf3 Qxf3 27. gxf3 Bd5 28. Be4 g6 29. Kf1 f5 30. Bxd5 Nxd5 31. Ke2 g5 32. Bc1 f6 33. Bd2 Kf7 34. Kd3 h5 35. Kc4 g4 36. fxg4 hxg4 37. Kd3 Ke6 38. Kc4 f4 39. Kd3 f5 40. a5 f3 41. Kc4 f4 42. Kd3 Kf5 43. Kc4 g3 44. hxg3 fxg3 45. Be1 g2 0-1


[Site "https://www.chess.com"]

[Event "Titled Tuesday Blitz March 08 Early 2022"]
[White "Balint, Vilmos"]
[Black "Ardila, Oscar Humberto"]
[WhiteFideId "718050"]
[BlackFideId "4404742"]
[WhiteElo "2059"]
[BlackElo "1966"]
[Result "1-0"]
[Round "05"]
[TimeControl "180+1"]
[Date "2022.03.09"]
[WhiteClock "0:00:27"]
[BlackClock "0:00:24"]

1. e4 e5 2. f4 d5 3. exd5 e4 4. d3 Nf6 5. Nd2 e3 6. Nc4 Nxd5 7. Nxe3 Bc5 8. Nxd5 Qxd5 9. Qe2+ Be6 10. c4 Qf5 11. g4 Qxg4 12. Qxg4 Bxg4 13. Bg2 c6 14. Bf3 Bf5 15. Be4 Bg4 16. h3 Bc8 17. Ne2 O-O 18. d4 Bb4+ 19. Bd2 Bxd2+ 20. Kxd2 Re8 21. Ng3 Nd7 22. Rae1 Nf6 23. Kd3 Bd7 24. Bf5 Kf8 25. Re5 g6 26. Bxd7 Nxd7 27. Re4 Rxe4 28. Nxe4 Re8 29. Nd6 Re7 30. Nxb7 Nf6 31. Na5 Rc7 32. b4 Nh5 33. f5 Kg7 34. fxg6 hxg6 35. a4 Nf4+ 36. Kc3 Kf6 37. b5 cxb5 38. axb5 Kf5 39. c5 f6 40. Kc4 Ke4 41. Re1+ Kf3 42. d5 Nxh3 43. d6 Rh7 44. c6 Nf4 45. d7 Rh8 46. c7 g5 47. d8=Q Rh4 48. Qd1+ Kg3 49. Rg1+ Ng2+ 50. Kc5 f5 51. Qe1+ Kh2 52. Qf2 Rg4 53. Qxf5 Ne3 54. Qxg4 Nxg4 55. Rxg4 1-0


[Site "https://www.chess.com"]

[Event "Titled Tuesday Blitz March 08 Early 2022"]
[White "Bashirli, Nail"]
[Black "Neiksans, Arturs"]
[WhiteFideId "13406809"]
[BlackFideId "11601388"]
[WhiteElo "2333"]
[BlackElo "2447"]
[Result "0-1"]
[Round "05"]
[TimeControl "180+1"]
[Date "2022.03.08"]
[WhiteClock "0:00:08"]
[BlackClock "0:00:06"]

1. e4 c5 2. Nc3 e6 3. g3 d5 4. Bg2 dxe4 5. Nxe4 Nc6 6. Ne2 Be7 7. O-O Nf6 8. b3 Nxe4 9. Bxe4 Bf6 10. Rb1 Qc7 11. Nc3 O-O 12. Bb2 Nd4 13. Ne2 Bd7 14. Nxd4 cxd4 15. Qf3 Bc6 16. c4 dxc3 17. dxc3 Bxe4 18. Qxe4 Rfd8 19. Rfd1 Rac8 20. Qe2 Qe5 21. Qf3 Qc7 22. c4 Rxd1+ 23. Qxd1 Rd8 24. Qe2 Bxb2 25. Rxb2 Qd6 26. Rc2 b6 27. Qf3 g6 28. Kg2 Rd7 29. h4 h5 30. Qe4 Qc5 31. Qa8+ Kg7 32. Qf3 a5 33. Re2 e5 34. Qc3 Rd4 35. Qe3 Qc6+ 36. Kh2 f6 37. Re1 Qd6 38. Re2 Rd1 39. Qe4 Rc1 40. Qb7+ Kh6 41. Qc8 Kg7 42. Qb7+ Kg8 43. Qa8+ Kf7 44. Qb7+ Ke8 45. Qc8+ Ke7 46. Qb7+ Qd7 47. Qxd7+ Kxd7 48. Kg2 Kc6 49. Rd2 Ra1 50. Kf3 Kc5 51. Ke4 Re1+ 52. Kf3 f5 53. Rd5+ Kc6 54. Kg2 e4 55. Re5 Kd6 56. Rd5+ Kc7 57. a3 Re2 58. Re5 Rb2 59. c5 bxc5 60. Rxc5+ Kb6 61. Re5 Rxb3 62. a4 Ra3 63. Re6+ Kb7 64. Rxg6 Rxa4 65. Rg8 Rb4 66. Rg7+ Ka6 67. Rg6+ Rb6 68. Rg8 a4 69. Ra8+ Kb5 70. Rd8 Ra6 71. Rd5+ Kc4 72. Rd1 a3 73. Rc1+ Kd3 74. Rd1+ Kc2 75. Rd6 Rxd6 0-1


[Site "https://www.chess.com"]

[Event "Titled Tuesday Blitz March 08 Early 2022"]
[White "Batsiashvili, Nino"]
[Black "Thomas, Anysia"]
[WhiteFideId "13602993"]
[BlackFideId "670472"]
[WhiteElo "2192"]
[BlackElo "2002"]
[Result "1/2-1/2"]
[Round "05"]
[TimeControl "180+1"]
[Date "2022.03.09"]
[WhiteClock "0:00:55"]
[BlackClock "0:00:17"]

1. d4 Nf6 2. c4 g6 3. Nc3 d5 4. cxd5 Nxd5 5. e4 Nxc3 6. bxc3 Bg7 7. Nf3 c5 8. h3 cxd4 9. cxd4 Nc6 10. Be3 O-O 11. Be2 f5 12. exf5 Qa5+ 13. Bd2 Qxf5 14. O-O Be6 15. Be3 Bd5 16. Qb1 Rab8 17. Rd1 Be4 18. Qb3+ e6 19. Rac1 Bd5 20. Qa3 Rbd8 21. Rc5 Qf7 22. Ng5 Qe7 23. Bf3 h6 24. Bxd5 Rxd5 25. Nf3 Rfd8 26. Rc3 Qxa3 27. Rxa3 Nxd4 28. Nxd4 Bxd4 29. Bxd4 Rxd4 30. Rxd4 Rxd4 31. Rxa7 Rb4 32. Kh2 Kf7 33. Kg3 Kf6 34. a4 Rb3+ 35. f3 Ra3 36. a5 Ra4 37. h4 h5 38. Kh3 Ra3 39. Kh2 Ra2 40. Kg3 Ra3 41. Kf4 Ra4+ 42. Ke3 Ke5 43. g3 Ra3+ 44. Ke2 Kf5 45. Rxb7 Rxa5 46. Rf7+ Ke5 47. g4 hxg4 48. fxg4 Ra2+ 49. Kf3 Ra3+ 50. Kg2 Ra2+ 51. Kg3 Ra3+ 52. Rf3 Ra4 53. g5 Ra7 54. Rf6 Ra3+ 55. Kf2 Ra2+ 56. Kg3 Ra3+ 57. Kf2 Ra2+ 58. Ke3 Ra3+ 59. Kd2 Rh3 60. Rxg6 Rxh4 61. Ke3 Rh3+ 62. Kf2 Kf5 63. Rg8 Rh2+ 64. Kg3 Ra2 65. Kh4 Rh2+ 66. Kg3 Rh5 67. g6 Rg5+ 68. Kf3 Rxg6 69. Rf8+ Rf6 70. Rxf6+ Kxf6 71. Kf4 e5+ 72. Ke4 Ke6 73. Ke3 Kf5 74. Kf3 e4+ 75. Ke3 Ke5 76. Ke2 Kd4 77. Kd2 e3+ 78. Ke2 Ke4 79. Ke1 Kf3 80. Kf1 Ke4 81. Ke2 Kd4 82. Ke1 Kc3 83. Ke2 Kd4 84. Ke1 Kd3 85. Kd1 e2+ 86. Ke1 Ke3 1/2-1/2


[Site "https://www.chess.com"]

[Event "Titled Tuesday Blitz March 08 Early 2022"]
[White "Beerdsen, Thomas"]
[Black "Horobetz, Graham"]
[WhiteFideId "1030108"]
[BlackFideId "2047322"]
[WhiteElo "2585"]
[BlackElo "2642"]
[Result "1-0"]
[Round "05"]
[TimeControl "180+1"]
[Date "2022.03.08"]
[WhiteClock "0:01:45"]
[BlackClock "0:00:03"]

1. e4 c5 2. Nf3 d6 3. d4 cxd4 4. Nxd4 Nf6 5. Nc3 a6 6. a3 e5 7. Nf5 d5 8. Bg5 d4 9. Bxf6 gxf6 10. Nb1 Bxf5 11. exf5 Qd5 12. Nd2 Nd7 13. Qh5 Rc8 14. Bd3 b5 15. O-O Nc5 16. a4 Rg8 17. g3 Nxa4 18. Ne4 Bg7 19. Qxh7 Kf8 20. Qh4 Rc6 21. Qh5 Rh8 22. Qe2 Nxb2 23. Ra5 Nxd3 24. cxd3 Kg8 25. Rfa1 Rh6 26. Qf3 Qd7 27. Rxa6 Rxa6 28. Rxa6 Kh7 29. Rb6 Qc8 30. Kg2 Qf8 31. Rxb5 Qe8 32. Rb7 Qf8 33. h4 Kg8 34. Qg4 Kh8 35. Rd7 Qe8 36. Ra7 Kh7 37. Qf3 Qf8 38. Rd7 Qe8 39. Rb7 Qf8 40. Rc7 Qe8 41. Nd6 Qd8 42. Qc6 e4 43. Nxf7 Qf8 44. Nxh6 Kxh6 45. Qxe4 Qd6 46. Rf7 1-0


[Site "https://www.chess.com"]

[Event "Titled Tuesday Blitz March 08 Early 2022"]
[White "Begunov, Konstantin"]
[Black "Ahn, Hongjin"]
[WhiteFideId "4118510"]
[BlackFideId "13201492"]
[WhiteElo "2262"]
[BlackElo "1873"]
[Result "0-1"]
[Round "05"]
[TimeControl "180+1"]
[Date "2022.03.09"]
[WhiteClock "0:00:10"]
[BlackClock "0:00:21"]

1. d4 e6 2. c4 f5 3. Nc3 Nf6 4. Bg5 c6 5. e3 d5 6. Nf3 Bd6 7. Ne5 O-O 8. f4 Nbd7 9. Bd3 Qe8 10. O-O Ne4 11. Bh4 Ndf6 12. Qc2 b6 13. cxd5 exd5 14. Nxe4 fxe4 15. Be2 c5 16. dxc5 Bxc5 17. Bf2 Bf5 18. Rfd1 Rd8 19. h3 h5 20. Qb3 Kh8 21. Bb5 Qe6 22. Qa4 a5 23. Nc6 Rc8 24. Nd4 Bxd4 25. Qxd4 Rc5 26. a4 Rc2 27. Rd2 Rfc8 28. Rad1 Rxd2 29. Rxd2 Bxh3 30. gxh3 Qxh3 31. Bf1 Rc1 32. Rd1 Qg4+ 33. Kh2 Qxd1 34. Qxb6 Qxf1 35. Qb8+ Kh7 36. Qe5 Ng4+ 37. Kg3 Qxf2+ 38. Kh3 Qh2# 0-1


[Site "https://www.chess.com"]

[Event "Titled Tuesday Blitz March 08 Early 2022"]
[White "Bettalli, Francesco"]
[Black "Maung, Maung Kyaw Zaw Hein"]
[WhiteFideId "2816453"]
[BlackFideId "13001698"]
[WhiteElo "2216"]
[BlackElo "1785"]
[Result "1-0"]
[Round "05"]
[TimeControl "180+1"]
[Date "2022.03.09"]
[WhiteClock "0:01:40"]
[BlackClock "0:00:01"]

1. d4 d5 2. Nc3 Nf6 3. Bf4 c6 4. e3 Bf5 5. f3 Nbd7 6. g4 Bg6 7. h4 h6 8. Bd3 Bxd3 9. Qxd3 e6 10. Nge2 a6 11. O-O-O c5 12. g5 Nh5 13. g6 f5 14. e4 c4 15. Qe3 fxe4 16. fxe4 Bb4 17. exd5 O-O 18. dxe6 Ndf6 19. d5 Qa5 20. d6 Nxf4 21. Nxf4 Ng4 22. Qg3 Bxc3 23. Qxc3 Qxc3 24. bxc3 Rxf4 25. d7 Rff8 26. e7 1-0


[Site "https://www.chess.com"]

[Event "Titled Tuesday Blitz March 08 Early 2022"]
[White "Bilan, Danila"]
[Black "Fathy, Elameir"]
[WhiteFideId "24161918"]
[BlackFideId "10600396"]
[WhiteElo "2164"]
[BlackElo "2311"]
[Result "0-1"]
[Round "05"]
[TimeControl "180+1"]
[Date "2022.03.09"]
[WhiteClock "0:00:46"]
[BlackClock "0:00:38"]

1. d4 d5 2. Nf3 Nf6 3. e3 c5 4. b3 cxd4 5. exd4 Nc6 6. Bb2 Bg4 7. Nbd2 e6 8. a3 Bd6 9. Bd3 O-O 10. O-O Qc7 11. Qe1 Bf5 12. Ne5 Bxd3 13. cxd3 Qb6 14. Qe3 Bxe5 15. dxe5 Qxe3 16. fxe3 Ng4 17. e4 dxe4 18. d4 Rad8 19. Nxe4 Nxd4 20. Nd6 Nxb3 21. Rae1 b6 22. h3 Nh6 23. g4 Nc5 24. Rf3 f6 25. Nc4 f5 26. gxf5 Nxf5 27. Ref1 Rd3 28. Rxd3 Nxd3 29. Ba1 Rc8 30. Rd1 Rxc4 0-1


[Site "https://www.chess.com"]

[Event "Titled Tuesday Blitz March 08 Early 2022"]
[White "Borodavkin, Anatoly"]
[Black "Devaev, Alexander"]
[WhiteFideId "14150662"]
[BlackFideId "4169395"]
[WhiteElo "1845"]
[BlackElo "2185"]
[Result "0-1"]
[Round "05"]
[TimeControl "180+1"]
[Date "2022.03.09"]
[WhiteClock "0:00:02"]
[BlackClock "0:00:59"]

1. e4 c6 2. d4 d5 3. exd5 cxd5 4. Bd3 Nc6 5. c3 g6 6. Ne2 Nh6 7. O-O Bg7 8. h3 O-O 9. Bf4 Bf5 10. Qd2 Bxd3 11. Qxd3 Nf5 12. Nd2 Rc8 13. Nf3 f6 14. Bh2 e5 15. dxe5 fxe5 16. Qb5 e4 17. Nfd4 Ncxd4 18. Nxd4 Nxd4 19. cxd4 Rf7 20. Be5 a6 21. Qb3 Bh6 22. f4 Rc4 23. Rac1 b5 24. Qa3 Ra4 25. Qb3 Bf8 26. a3 Rc4 27. Qg3 Qc8 28. Rxc4 bxc4 29. f5 Rxf5 30. Re1 a5 31. Qc3 Qa6 32. g4 Rf3 33. Qd2 Rxh3 34. Qc2 Qe6 35. Qg2 Rh4 36. Bg3 Rxg4 37. Rf1 Bd6 38. Bxd6 Rxg2+ 39. Kxg2 Qxd6 0-1


[Site "https://www.chess.com"]

[Event "Titled Tuesday Blitz March 08 Early 2022"]
[White "Bortnyk, Olexandr"]
[Black "Matlakov, Maxim"]
[WhiteFideId "14120828"]
[BlackFideId "4168003"]
[WhiteElo "2977"]
[BlackElo "2878"]
[Result "1/2-1/2"]
[Round "05"]
[TimeControl "180+1"]
[Date "2022.03.08"]
[WhiteClock "0:00:05"]
[BlackClock "0:00:13"]

1. e4 c5 2. c3 Nf6 3. e5 Nd5 4. d4 cxd4 5. Nf3 e6 6. cxd4 d6 7. Bc4 Be7 8. O-O O-O 9. Qe2 Nc6 10. Rd1 Qc7 11. Bd2 a6 12. Nc3 Nxc3 13. Bxc3 dxe5 14. dxe5 b5 15. Bd3 Bb7 16. a4 b4 17. Bd2 Rfd8 18. Rac1 g6 19. Bh6 Qb6 20. Be3 Qa5 21. Be4 Rac8 22. b3 Rxd1+ 23. Rxd1 Qc7 24. h4 Na5 25. Bxb7 Qxb7 26. Rd3 Rc3 27. Nd2 Qc7 28. Bg5 Bxg5 29. hxg5 Kg7 30. Rd4 Nxb3 31. Nxb3 Rxb3 32. Rc4 Qe7 33. Qd2 Rb1+ 34. Kh2 b3 35. Qf4 Qe8 36. Qf6+ Kg8 37. Rd4 b2 38. Rd8 Rh1+ 39. Kg3 Qxd8 40. Qxd8+ Kg7 41. Qf6+ Kg8 42. Qd8+ Kg7 43. Qf6+ Kg8 44. Qd8+ 1/2-1/2


[Site "https://www.chess.com"]

[Event "Titled Tuesday Blitz March 08 Early 2022"]
[White "Brodowski, Piotr"]
[Black "Abarca Gonzalez, Nicolas"]
[WhiteFideId "1124480"]
[BlackFideId "3409422"]
[WhiteElo "2422"]
[BlackElo "2504"]
[Result "1-0"]
[Round "05"]
[TimeControl "180+1"]
[Date "2022.03.08"]
[WhiteClock "0:00:30"]
[BlackClock "0:00:04"]

1. c4 Nf6 2. Nc3 g6 3. g3 Bg7 4. Bg2 O-O 5. Nf3 d6 6. d4 c6 7. O-O Bf5 8. h3 Ne4 9. Qb3 Nxc3 10. bxc3 Bc8 11. e4 c5 12. Be3 Nd7 13. Rfd1 Qc7 14. a4 b6 15. e5 Ba6 16. exd6 exd6 17. Bf4 Rad8 18. a5 bxa5 19. Qa4 Nb6 20. Qxa5 Bxc4 21. Qxa7 Qxa7 22. Rxa7 Nd5 23. Bd2 Rb8 24. Ng5 cxd4 25. cxd4 Bxd4 26. Ra4 Nb6 27. Rb4 Bc5 28. Rbb1 Na4 29. Rxb8 Rxb8 30. Ne4 Bd5 31. Nf6+ Kg7 32. Nxd5 Rb2 33. Be3 Bxe3 34. Nxe3 Nc3 35. Rxd6 Ne2+ 36. Kh2 Nc3 37. Rd3 Nb5 38. Nd1 Ra2 39. Bf1 Nc7 40. Kg1 Ne6 41. Ne3 Ng5 42. Kg2 Ne4 43. Nd1 h5 44. Re3 f5 45. Bd3 Nc5 46. Bc4 Ne4 47. Bxa2 1-0


[Site "https://www.chess.com"]

[Event "Titled Tuesday Blitz March 08 Early 2022"]
[White "Brunner, Nicolas"]
[Black "Goltsev, Dmitry"]
[WhiteFideId "620246"]
[BlackFideId "24176710"]
[WhiteElo "2372"]
[BlackElo "2273"]
[Result "0-1"]
[Round "05"]
[TimeControl "180+1"]
[Date "2022.03.09"]
[WhiteClock "0:01:58"]
[BlackClock "0:01:52"]

1. d4 Nf6 2. c4 e6 3. g3 Bb4+ 4. Bd2 Qe7 5. Bg2 Nc6 6. e3 h5 7. h3 Bxd2+ 8. Qxd2 d6 9. Ne2 e5 10. Nbc3 Bf5 11. Nd5 Nxd5 12. cxd5 Nb8 13. Qb4 b6 14. dxe5 Qxe5 15. Rc1 O-O 16. Rxc7 Na6 17. Qc3 Nxc7 18. Qxe5 dxe5 19. d6 Nb5 20. Bxa8 Rxa8 0-1


[Site "https://www.chess.com"]

[Event "Titled Tuesday Blitz March 08 Early 2022"]
[White "Bryakin, Mikhail"]
[Black "Jacobson, Aaron"]
[WhiteFideId "4165314"]
[BlackFideId "2089912"]
[WhiteElo "2417"]
[BlackElo "2265"]
[Result "1-0"]
[Round "05"]
[TimeControl "180+1"]
[Date "2022.03.09"]
[WhiteClock "0:01:52"]
[BlackClock "0:01:24"]

1. e4 d5 2. exd5 Nf6 3. Nf3 Bg4 4. Be2 Qxd5 5. c4 Qf5 6. d4 Nc6 7. d5 O-O-O 8. Qa4 Bxf3 9. Bxf3 Nd4 10. Bd1 Qe4+ 11. Be3 a6 12. O-O Nxd5 13. cxd5 Rxd5 1-0


[Site "https://www.chess.com"]

[Event "Titled Tuesday Blitz March 08 Early 2022"]
[White "Bulmaga, Irina"]
[Black "Petrova, Irina"]
[WhiteFideId "13903063"]
[BlackFideId "14124122"]
[WhiteElo "2184"]
[BlackElo "1993"]
[Result "1-0"]
[Round "05"]
[TimeControl "180+1"]
[Date "2022.03.09"]
[WhiteClock "0:00:47"]
[BlackClock "0:00:13"]

1. e4 d6 2. f4 Nf6 3. Nc3 c5 4. Nf3 g6 5. g3 Bg7 6. Bg2 O-O 7. O-O Nc6 8. d3 Bd7 9. h3 Rb8 10. a4 a6 11. Be3 b5 12. axb5 axb5 13. Ne2 Ne8 14. c3 b4 15. d4 bxc3 16. bxc3 cxd4 17. cxd4 d5 18. e5 Nc7 19. g4 f6 20. Nd2 fxe5 21. dxe5 e6 22. Bc5 Rf7 23. Nf3 Nb5 24. Ng5 Nxe5 25. Nxf7 Nxf7 26. Nd4 Nc3 27. Qe1 Na4 28. Rxa4 Bxa4 29. Qxe6 Qa5 30. Qxd5 Rd8 31. Qc4 Qa8 32. Bxa8 1-0


[Site "https://www.chess.com"]

[Event "Titled Tuesday Blitz March 08 Early 2022"]
[White "Buscar, Michael"]
[Black "Shuvalova, Polina"]
[WhiteFideId "2603616"]
[BlackFideId "24171760"]
[WhiteElo "2010"]
[BlackElo "2355"]
[Result "1-0"]
[Round "05"]
[TimeControl "180+1"]
[Date "2022.03.09"]
[WhiteClock "0:00:04"]
[BlackClock "0:00:10"]

1. c4 e6 2. Nf3 d5 3. g3 Nf6 4. Bg2 Be7 5. O-O O-O 6. d4 dxc4 7. Ne5 Nc6 8. Nxc6 bxc6 9. Na3 Bxa3 10. bxa3 Rb8 11. Qc2 Ba6 12. Bxc6 Nd5 13. e4 Ne7 14. Ba4 Qxd4 15. Be3 Qd3 16. Bxa7 Ra8 17. Bc5 Qxc2 18. Bxc2 Rfe8 19. Rfd1 Bb5 20. Rab1 Bc6 21. Rd4 Ng6 22. Rxc4 Ne5 23. Rc3 Ba4 24. Bb3 Nd7 25. Bb4 Rec8 26. Rbc1 Bxb3 27. axb3 Ra7 28. f4 h6 29. Bd6 c5 30. a4 Rb7 31. e5 Rc6 32. Kf2 Rcb6 33. Bxc5 Nxc5 34. Rxc5 Rxb3 35. a5 Ra3 36. R1c2 Ra7 37. Rd2 R7xa5 38. Rd8+ Kh7 39. Rxa5 Rxa5 40. Rd7 Ra2+ 41. Kg1 Kg6 42. Rc7 Rb2 43. Rd7 h5 44. Rc7 Ra2 45. Rd7 Ra8 46. Kg2 Rf8 47. Kh3 Kf5 48. Rd4 Ra8 49. Kh4 Ra2 50. Kh3 f6 51. exf6 gxf6 52. Rc4 Ra5 53. Rb4 Rb5 54. Rxb5+ 1-0


[Site "https://www.chess.com"]

[Event "Titled Tuesday Blitz March 08 Early 2022"]
[White "Carre, Sylvain"]
[Black "Skliarov, Viktor"]
[WhiteFideId "642118"]
[BlackFideId "14106736"]
[WhiteElo "2105"]
[BlackElo "2229"]
[Result "0-1"]
[Round "05"]
[TimeControl "180+1"]
[Date "2022.03.09"]
[WhiteClock "0:00:39"]
[BlackClock "0:01:01"]

1. d4 Nf6 2. Bf4 g6 3. e3 Bg7 4. Be2 O-O 5. Nf3 d6 6. O-O c5 7. c3 b6 8. Nbd2 Nbd7 9. h3 Bb7 10. Bh2 a6 11. a4 Qc7 12. Re1 Bc6 13. Qb3 Qb7 14. Bf1 Rac8 15. Qc2 Ne4 16. Nxe4 Bxe4 17. Qd1 Nf6 18. Rc1 b5 19. axb5 axb5 20. Ra1 Ra8 21. Be2 Rxa1 22. Qxa1 Ra8 23. Qc1 c4 24. b3 cxb3 25. Qb2 Bc2 26. Ra1 Ra4 27. Nd2 Qa7 0-1


[Site "https://www.chess.com"]

[Event "Titled Tuesday Blitz March 08 Early 2022"]
[White "Caruana, Fabiano"]
[Black "Leiva, Gianmarco"]
[WhiteFideId "2020009"]
[BlackFideId "3804399"]
[WhiteElo "2985"]
[BlackElo "2709"]
[Result "1/2-1/2"]
[Round "05"]
[TimeControl "180+1"]
[Date "2022.03.08"]
[WhiteClock "0:00:09"]
[BlackClock "0:00:13"]

1. e4 c5 2. Nf3 d6 3. d4 cxd4 4. Nxd4 Nf6 5. Nc3 a6 6. Be2 e5 7. Nb3 Be7 8. O-O O-O 9. a4 b6 10. Be3 Bb7 11. Bf3 Nbd7 12. Re1 Rc8 13. Nd2 Qc7 14. Nf1 Qb8 15. Ng3 Rfe8 16. Qd2 Bf8 17. Nd5 Nxd5 18. exd5 g6 19. h4 Qc7 20. c3 Qc4 21. h5 f5 22. hxg6 hxg6 23. Be2 Qh4 24. Bg5 Qh7 25. b4 Be7 26. c4 Kf7 27. Bxe7 Rxe7 28. Qg5 Rh8 29. f3 a5 30. bxa5 bxa5 31. Kf2 Qh4 32. Qxh4 Rxh4 33. Rab1 Ba6 34. Rec1 Nc5 35. Rb6 Rd7 36. Nf1 Rh1 37. Rcb1 Ke7 38. Rc6 Rb7 39. Rxb7+ Bxb7 40. Rc7+ Kf6 41. g3 Rh8 42. Ne3 Rc8 43. Rh7 Ba6 44. g4 f4 45. Nf1 Rb8 46. Ra7 Rb2 47. Ke1 Rb1+ 48. Kd2 Rb2+ 49. Kd1 Rb6 50. Nd2 e4 51. Nxe4+ Nxe4 52. fxe4 Bc8 53. Rc7 Rb8 54. c5 dxc5 55. Rxc5 Ke5 56. Rxa5 Kxe4 57. d6 f3 58. Bb5 Bxg4 59. Kd2 f2 60. Bd3+ Kf4 61. Ra7 Rd8 62. Rf7+ Ke5 63. Rxf2 Rxd6 64. Kc3 Bf5 65. Bb5 Be4 66. Kb4 g5 67. a5 g4 68. Rf8 g3 69. Re8+ Re6 70. Rg8 g2 71. a6 Rg6 72. Re8+ Kf4 73. a7 g1=Q 74. Rxe4+ Kxe4 75. a8=Q+ Kf4 76. Qf8+ Kg3 77. Qb8+ Kh4 78. Qd8+ Qg5 79. Qxg5+ Kxg5 80. Bc4 Kf4 81. Kc5 Ke5 82. Bd3 Rg3 83. Bb5 Rc3+ 84. Bc4 Rc2 85. Kb4 Kd4 86. Bb3 Rc8 87. Bf7 Rb8+ 88. Ka3 Kc3 89. Ka2 Ra8+ 90. Kb1 Rb8+ 91. Ka1 Rb7 92. Ba2 Ra7 93. Kb1 Rb7+ 94. Ka1 Rb6 95. Bb1 Kb3 96. Ba2+ Ka3 97. Bb1 Rd6 98. Ba2 Rd1+ 99. Bb1 Rd2 100. Bh7 Kb3 101. Bb1 Kc3 102. Bh7 Rd6 103. Bb1 Rd7 104. Bf5 Kb3 105. Bxd7 1/2-1/2


[Site "https://www.chess.com"]

[Event "Titled Tuesday Blitz March 08 Early 2022"]
[White "Chernomordik, Pavel"]
[Black "Ambartsumova, Karina"]
[WhiteFideId "2804530"]
[BlackFideId "4166299"]
[WhiteElo "2249"]
[BlackElo "2262"]
[Result "0-1"]
[Round "05"]
[TimeControl "180+1"]
[Date "2022.03.09"]
[WhiteClock "0:00:02"]
[BlackClock "0:00:10"]

1. e4 e5 2. Nf3 Nc6 3. Bb5 a6 4. Ba4 Nf6 5. Qe2 Be7 6. d3 d6 7. c3 O-O 8. h3 Bd7 9. Bc2 Re8 10. g4 Be6 11. Nbd2 d5 12. Nf1 b5 13. Ng3 Bc5 14. b3 b4 15. g5 Nd7 16. c4 dxe4 17. dxe4 Bd4 18. Rb1 Nc5 19. Kf1 Qd7 20. Kg2 a5 21. Kg1 Bxh3 22. Nf5 Bxf5 23. exf5 e4 24. Ne1 Qxf5 25. Be3 Rad8 26. Ng2 Ne5 27. Nh4 Nf3+ 28. Nxf3 exf3 29. Bxf5 fxe2 30. Bxh7+ Kf8 31. Kg2 Bxe3 32. fxe3 Rxe3 33. Bf5 Ke7 34. Rbe1 Rd2 35. Rh7 Re5 36. Bg4 Rxg5 37. Kh3 Rxg4 38. Kxg4 Nd3 39. Rxe2+ Rxe2 40. Kf3 Rxa2 41. Ke3 Nc5 42. Rxg7 Nxb3 43. Rg5 Rb2 0-1


[Site "https://www.chess.com"]

[Event "Titled Tuesday Blitz March 08 Early 2022"]
[White "Chernov, Alexander A."]
[Black "Vivas Zamora, Fabian Ernesto"]
[WhiteFideId "4152492"]
[BlackFideId "3902480"]
[WhiteElo "1956"]
[BlackElo "1966"]
[Result "0-1"]
[Round "05"]
[TimeControl "180+1"]
[Date "2022.03.09"]
[WhiteClock "0:00:08"]
[BlackClock "0:00:10"]

1. e4 e5 2. Nf3 Nc6 3. Bb5 Nf6 4. O-O Nxe4 5. Re1 Nd6 6. Nxe5 Be7 7. Bf1 Nxe5 8. Rxe5 O-O 9. d4 Bf6 10. Re1 Re8 11. c3 Rxe1 12. Qxe1 Qe8 13. Qxe8+ Nxe8 14. Bf4 d6 15. Nd2 Bf5 16. Re1 g5 17. Bg3 Ng7 18. f3 Re8 19. Rxe8+ Nxe8 20. Ne4 Be7 21. Bd3 Kf8 22. Nf2 Ng7 23. Kf1 Bxd3+ 24. Nxd3 Nf5 25. Bf2 h5 26. Ke2 d5 27. Ne5 Bd6 28. g4 Ng7 29. h3 Bxe5 30. dxe5 b6 31. h4 hxg4 32. fxg4 gxh4 33. Bxh4 Ne6 34. Bf6 Ke8 35. Ke3 Kd7 36. b3 Nf8 37. Kf4 Ke6 38. Bd8 Ng6+ 39. Kg5 c5 40. Bc7 d4 41. cxd4 cxd4 42. Bd8 d3 43. Kh6 d2 0-1


[Site "https://www.chess.com"]

[Event "Titled Tuesday Blitz March 08 Early 2022"]
[White "Chigaev, Maksim"]
[Black "Plotnikov, Pavel"]
[WhiteFideId "4108116"]
[BlackFideId "4170342"]
[WhiteElo "2502"]
[BlackElo "2298"]
[Result "1-0"]
[Round "05"]
[TimeControl "180+1"]
[Date "2022.03.09"]
[WhiteClock "0:00:07"]
[BlackClock "0:00:10"]

1. d4 e6 2. c4 f5 3. e4 fxe4 4. Nc3 Nf6 5. Bg5 Bb4 6. Ne2 h6 7. Bd2 O-O 8. d5 exd5 9. cxd5 d6 10. Ng3 e3 11. Bxe3 Ng4 12. Bd4 c5 13. dxc6 Nxc6 14. Be2 Qh4 15. Bxg4 Bxg4 16. Qb3+ Kh8 17. O-O Nxd4 18. Qxb4 Rf4 19. Qxd6 Raf8 20. Nd5 R4f7 21. Ne3 Ne2+ 22. Kh1 Rxf2 23. Rxf2 Rxf2 24. Nxe2 Rxe2 25. Nf1 Qf2 26. Qg3 Qxg3 27. Nxg3 Rxb2 28. a3 Be6 29. Nf1 Bd5 30. Ne3 Re2 31. Nxd5 Re5 32. Nc3 Rc5 33. Ne4 Re5 34. Ng3 Re3 35. Kg1 Rb3 36. Kf2 Rb2+ 37. Kf3 Rb3+ 38. Kf2 Rb2+ 39. Ne2 b5 40. a4 b4 41. a5 b3 42. Ra3 Rb1 43. Nc3 Rb2+ 44. Kf3 Kh7 45. a6 Kg6 46. Nb5 Ra2 47. Rxb3 Rxa6 48. Nd4 Rd6 49. Ke4 a6 50. Rg3+ Kh7 51. Rxg7+ Kxg7 52. Nf5+ Kf6 53. Nxd6 Kg5 54. Nf7+ Kg6 55. Nxh6 Kxh6 56. h4 1-0


[Site "https://www.chess.com"]

[Event "Titled Tuesday Blitz March 08 Early 2022"]
[White "Chizhikov, Vladislav"]
[Black "Kirillov, Dmitry"]
[WhiteFideId "4178157"]
[BlackFideId "34180572"]
[WhiteElo "2120"]
[BlackElo "2076"]
[Result "0-1"]
[Round "05"]
[TimeControl "180+1"]
[Date "2022.03.09"]
[WhiteClock "0:00:06"]
[BlackClock "0:00:10"]

1. e4 c5 2. Nf3 e6 3. b3 Nc6 4. Bb2 a6 5. Be2 d5 6. exd5 exd5 7. d4 Nf6 8. O-O Be7 9. h3 O-O 10. Nc3 Re8 11. Bd3 cxd4 12. Ne2 Ne4 13. Nexd4 Bf6 14. c4 Nxd4 15. Nxd4 Qb6 16. c5 Qxc5 17. Rc1 Qb6 18. Bb1 Bd7 19. Qd3 g6 20. Rfd1 Rac8 21. Rxc8 Rxc8 22. f3 Nc5 23. Qe3 Ne6 24. Qf2 Nxd4 25. Bxd4 Bxd4 26. Rxd4 Rc1+ 27. Kh2 Qd6+ 28. f4 Be6 29. Bd3 b5 30. a4 bxa4 31. Rxa4 Qb8 32. Qd4 Rc6 33. Rxa6 Rxa6 34. Bxa6 Qxb3 35. f5 Qb8+ 36. Kg1 Qb1+ 37. Kh2 Qxf5 38. Be2 g5 39. Bf3 h6 40. Kg1 Qb1+ 41. Kh2 Qb8+ 42. Kg1 Qd6 43. Kf1 Qa6+ 44. Kg1 Qd6 45. Qf6 Qc5+ 46. Kh1 Qc1+ 47. Kh2 Qf4+ 48. Qxf4 gxf4 49. Kg1 Kg7 50. Kf2 Kf6 51. Ke2 Ke5 52. Kd3 Bf5+ 53. Kd2 Be4 54. Ke2 Bxf3+ 55. gxf3 Kd4 56. Kd2 Kc4 57. Kc2 d4 58. Kd2 d3 59. h4 h5 60. Kd1 Kd4 61. Kd2 f6 62. Kd1 Ke3 63. Ke1 Kxf3 64. Kd2 Kg2 65. Kxd3 f3 66. Ke4 f2 0-1


[Site "https://www.chess.com"]

[Event "Titled Tuesday Blitz March 08 Early 2022"]
[White "Clawitter, Craig"]
[Black "Hirneise, Jens"]
[WhiteFideId "2023105"]
[BlackFideId "24614734"]
[WhiteElo "2270"]
[BlackElo "2359"]
[Result "0-1"]
[Round "05"]
[TimeControl "180+1"]
[Date "2022.03.09"]
[WhiteClock "0:00:02"]
[BlackClock "0:01:03"]

1. e4 d5 2. exd5 Qxd5 3. Nc3 Qa5 4. d4 Nf6 5. Nf3 Bg4 6. h3 Bxf3 7. Qxf3 Nc6 8. Bb5 O-O-O 9. Bxc6 bxc6 10. Qxc6 Kb8 11. Be3 e6 12. Qb5+ Qxb5 13. Nxb5 a6 14. Nc3 Bb4 15. Ke2 Bxc3 16. bxc3 Nd5 17. Kd3 f5 18. Rab1+ Kc8 19. Rb3 f4 20. Bd2 g5 21. Rhb1 Kd7 22. c4 Ne7 23. Ra3 Ra8 24. Rb4 Rhb8 25. Rxb8 Rxb8 26. Rxa6 Rb1 27. Ke2 Rg1 28. Kf3 Rd1 29. Ba5 Rxd4 30. Ra7 Rxc4 31. c3 Nd5 32. a4 Rxa4 0-1


[Site "https://www.chess.com"]